Map: Lightshade LE

Players

rendevie - Winner!

  • Race: Terran Terran
  • League: Diamond

DARKING

  • Race: Terran Terran
  • League: Diamond

VOD

Have the link to the VOD?

Description

Time

  • Played on: April 22, 2021, 7:23 p.m.
  • Length: 3:04
Show
View Real Time Build Order
Export as new Build Order

rendevie Terran - Winner!

Build Orders:  

Get SALT Encoding   

  12  0:00  SCV  
  13  0:12  SCV  
  14  0:17  Supply Depot  
  14  0:40  Refinery  
  14  0:43  Barracks  
  14  0:53  Barracks  
  14  0:59  SCV  
  15  1:05  Refinery  
  15  1:11  SCV  
  16  1:23  SCV  
  17  1:31  Reaper  
  18  1:46  Reaper  
  19  2:03  Reaper  
  19  2:04  Orbital Command  
  20  2:18  Reaper  
Show
View Real Time Build Order
Export as new Build Order

DARKING Terran 

Build Orders:  

Get SALT Encoding   

  12  0:00  SCV  
  13  0:12  SCV  
  14  0:17  Supply Depot  
  14  0:24  SCV  
  14  0:27  Refinery  
  15  0:38  SCV  
  16  0:45  Barracks  
  16  0:52  SCV  
  17  1:04  SCV  
  18  1:17  SCV  
  19  1:33  Orbital Command  
  19  1:40  Reaper  
  20  1:56  Factory  
  20  1:57  Refinery  
  20  1:59  SCV  
  20  2:00  Supply Depot  
  20  2:12  Reaper  
  21  2:30  SCV, Command Center  
  22  2:40  Hellion  
Tags
 
Add a new tag
Caveats
  • Supply blocks, unpowered buildings, or Contaminate may cause inaccurate times.
  • Supply counts are checked every 10 seconds.